 Seeded DCSS version 0.31-a0-180-g519b7de00c (webtiles) character file.

Game seed: 18167028583286614026 (custom seed)

825 innerfire43 the Chopper (level 7, -1/54 HPs)
             Began as a Demonspawn Monk on June 19, 2023.
             Was a Priest of Cheibriados.
             Slain by a phantom (3 damage)
             ... on level 6 of the Dungeon.
             The game lasted 00:05:20 (4016 turns).

innerfire43 the Chopper (Demonspawn Monk)           Turns: 4016, Time: 00:05:21

Health: -1/54      AC:  7    Str: 19    XL:     7   Next: 64%
Magic:  0/7        EV: 15    Int: 18    God:    Cheibriados [***...]
Gold:   266        SH:  7    Dex: 21    Spells: 6/6 levels left

rFire   . . .        l - +2 hand axe (freeze)
rCold   . . .        A - +2 buckler
rNeg    . . .        b - +0 robe
rPois   .            k - +1 helmet
rElec   .            B - +0 cloak
rCorr   .            (no gloves)
SInv    .            (no boots)
Will    +....        v - amulet of guardian spirit
Stlth   ++           p - ring of willpower
HPRegen 0.29/turn    (no ring)
MPRegen 0.10/turn

%: guardian spirit
@: lethally poisoned (-1 -> -3), very slow
A: thin metallic scales 1, demonic magic 2, subdued magic 1
a: Renounce Religion, Bend Time, Temporal Distortion


You were on level 6 of the Dungeon.
You worshipped Cheibriados.
Cheibriados was most pleased with you.
You visited 1 branch of the dungeon, and saw 6 of its levels.

You collected 266 gold pieces.

Inventory:

Hand Weapons
 a - a +0 hand axe
 l - a +2 hand axe of freezing (weapon)
 x - a +1 vampiric hand axe
Missiles
 o - 7 javelins
 y - 2 throwing nets
Armour
 b - a +0 robe (worn)
 d - an orb of light
 k - a +1 helmet (worn)
 A - a +2 buckler (worn)
 B - a +0 cloak (worn)
Jewellery
 m - an amulet of the acrobat
 p - a ring of willpower (left hand)
 u - a ring of wizardry
 v - an amulet of guardian spirit (around neck)
Wands
 r - a wand of roots (5)
Scrolls
 e - a scroll of revelation {unknown}
 g - 3 scrolls of identify {unknown}
 i - a scroll of acquirement {unknown}
 q - 3 scrolls of amnesia {unknown}
 s - 3 scrolls of noise {unknown}
 t - 2 scrolls of teleportation {unknown}
 w - 2 scrolls of fog {unknown}
 z - a scroll of blinking {unknown}
 C - a scroll of enchant armour {unknown}
 D - a scroll of enchant weapon {unknown}
Potions
 f - a potion of mutation
 h - 2 potions of might {unknown}
 j - a potion of enlightenment {unknown}
 n - 3 potions of attraction {unknown}


   Skills:
 + Level 4.1 Fighting
 * Level 6.5 Axes
 * Level 5.0 Dodging
 - Level 0.4 Stealth
 * Level 0.8 Shields


You had 6 spell levels left.
You didn't know any spells.
Your spell library contained the following spells:

 Spells                   Type           Power      Damage    Failure   Level
 Poisonous Vapours        Pois/Air       0%         N/A       34%         2
 Mephitic Cloud           Conj/Pois/Air  0%         N/A       58%         3
 Animate Dead             Necr           0%         N/A       94%         4
 Borgnjor's Vile Clutch   Necr/Erth      0%         N/A       100%        5
 Freezing Cloud           Conj/Ice/Air   0%         6-21      100%        5
 Death Channel            Necr           0%         N/A       100%        6


Dungeon Overview and Level Annotations

Branches:
Dungeon (6/15)
 Temple: D:4-7

Altars:
Cheibriados
Hepliaklqana
Xom


Innate Abilities, Weirdness & Mutations

You are partially covered in thin metallic scales. (AC +2)
Spells you cast may paralyse nearby enemies.
Your spells are a little easier to cast, but a little less powerful.


Message History

Beogh smites you! The water moccasin bites you!
* * * LOW HITPOINT WARNING * * *
The scorpion closely misses you.
You hit the water moccasin.
The water moccasin seems to slow down.
You freeze the water moccasin.
The water moccasin is heavily wounded.
You hit the phantom but do no damage. You hit the iguana.
You freeze the iguana. You barely miss the scorpion.
You feel sick. The iguana closely misses you. The phantom hits you.
* * * LOW HITPOINT WARNING * * *
The phantom blinks!
You blink.
The orc closely misses you. The phantom misses you.
You slash the orc! You freeze the orc.
You kill the orc!
Cheibriados appreciates the change of pace.
You can now warp the flow of time around you.
You barely miss the phantom.
You feel sick.
The water moccasin is no longer moving slowly.
You block the scorpion's attack.
The phantom hits you but does no damage.
You barely miss the scorpion. You closely miss the orc priest.
You miss the phantom.
You feel sick. The orc priest misses you. You block the scorpion's attack.
You block the water moccasin's attack.
The phantom hits you but does no damage.
You slash the scorpion! You freeze the scorpion.
The scorpion is severely wounded.
You barely miss the water moccasin. You hit the orc priest.
You freeze the orc priest. You hit the phantom.
The orc priest hits you with a +0 club.
* * * LOW HITPOINT WARNING * * *
The water moccasin bites you!
* * * LOW HITPOINT WARNING * * *
The scorpion closely misses you. The phantom hits you.
* * * LOW HITPOINT WARNING * * *
The phantom blinks!
You blink.
It was a potion of mutation.
You feel extremely strange.
Your connection to magic feels subdued.
* * * LOW HITPOINT WARNING * * *
You feel sick. The phantom hits you.
You die...

##$....#.....##
##...)....:....##
#...............#
####...............#
#≈≈≈≈≈...S.........#
≈≈~..≈≈.§sl........#
≈~.~.~≈<.o.........#
§~☼°[..............#
≈~~☼~~W@....).....##
≈§..~≈≈...<......##
#§≈≈§≈#####.######
###### #.# #.# #=#
#.# #.# #.#


You could see a water moccasin, a phantom, a scorpion, an iguana and an orc
priest.

Vanquished Creatures
  An ice beast (D:5)
  4 scorpions (D:5)
  A howler monkey (D:5)
  4 orc priests
  A hound (D:4)
  3 orc wizards
  Terence (D:3)
  3 gnolls (D:4)
  8 adders
  2 ufetubi
  2 worms (D:3)
  2 dart slugs (D:4)
  19 orcs
  7 endoplasms
  2 giant cockroaches (D:4)
  5 goblins
  7 hobgoblins
  4 jackals (D:3)
  8 kobolds
  3 quokkas
  6 ball pythons
  A bat (D:3)
  A frilled lizard (D:1)
  4 rats
99 creatures vanquished.

Vanquished Creatures (others)
  An iguana (D:6)
  A gnoll (D:6)
2 creatures vanquished.

Grand Total: 101 creatures vanquished

Notes
Turn   | Place    | Note
-------+----------+-------------------------------------------
     0 | D:1      | innerfire43 the Demonspawn Monk began the quest for the
                  | Orb.
     0 | D:1      | Reached XP level 1. HP: 18/18 MP: 1/1
    63 | D:1      | You fall into a shaft and drop 1 floor!
   333 | D:2      | Reached skill level 3 in Axes
   333 | D:2      | Gained mutation: You are partially covered in thin metallic
                  | scales. (AC +2) [demonic ancestry]
   333 | D:2      | Reached XP level 2. HP: 15/24 MP: 2/2
  1076 | D:3      | Noticed Terence
  1083 | D:3      | Killed Terence
  1084 | D:3      | Gained mutation: Spells you cast may paralyse adjacent
                  | enemies. [demonic ancestry]
  1084 | D:3      | Reached XP level 3. HP: 18/29 MP: 3/3
  1490 | D:3      | Found a glowing drain.
  1523 | D:3      | Reached XP level 4. HP: 28/35 MP: 4/4
  1993 | D:3      | Reached skill level 4 in Axes
  2338 | D:4      | Reached XP level 5. HP: 36/42 MP: 5/5
  2576 | D:4      | Gained mutation: Spells you cast may paralyse nearby
                  | enemies. [demonic ancestry]
  2576 | D:4      | Reached XP level 6. HP: 36/48 MP: 6/6
  2760 | D:4      | Reached skill level 5 in Axes
  2767 | D:4      | Found a snail-covered altar of Cheibriados.
  2775 | D:4      | Became a worshipper of Cheibriados the Contemplative
  2775 | D:4      | Reached * piety under Cheibriados
  2775 | D:4      | Reached ** piety under Cheibriados
  2985 | D:5      | Entered Level 5 of the Dungeon
  3023 | D:5      | Noticed an ice beast
  3039 | D:5      | Killed an ice beast
  3251 | D:5      | Found a hazy altar of Hepliaklqana.
  3327 | D:5      | Reached XP level 7. HP: 51/54 MP: 7/7
  3355 | D:5      | Reached skill level 6 in Axes
  3365 | D:5      | Reached skill level 5 in Dodging
  3997 | D:6      | Found a shimmering altar of Xom.
  4013 | D:6      | Reached *** piety under Cheibriados
  4016 | D:6      | Gained mutation: Your spells are a little easier to cast,
                  | but a little less powerful. [potion of mutation]
  4016 | D:6      | HP: 2/54 [poisoned by a water moccasin]
  4016 | D:6      | Slain by a phantom

Illustrated notes

Levels and vault maps discovered:
D:1:      eino_arrival_water_cross, layout_loops_ring
D:2:      layout_loops_corners
D:3:      layout_loops_ring, cheibrodos_sewer_entry_bend, uniq_terence
D:4:      layout_rooms, marbit_many_paths
D:5:      layout_gridville, mainiacjoe_overflow_brackets, grunt_ministairs_14
D:6:      layout_rooms, xom_confusion_cloud, uniq_menkaure

Skill      XL: |  1  2  3  4  5  6  7 |
---------------+----------------------+-----
Axes           | 3 4 5 6 |  6.5
Dodging        | 3 4 5 |  5.0
Fighting       | 4 |  4.1
Stealth        | |  0.4
Shields        | |  0.8

Action                     |  1- 3 |  4- 6 |  7- 9 || total
---------------------------+-------+-------+-------++-------
  Melee: Hand axe          |    64 |   146 |    40 ||   250
    Use: Potion            |       |       |     2 ||     2
   Stab: Sleeping          |     1 |       |       ||     1
 Armour: Robe              |     8 |    46 |    11 ||    65
  Dodge: Dodged            |    34 |    90 |    32 ||   156
  Block: Buckler           |       |     1 |    17 ||    18

Table legend: (Time is in decaauts)
 A = Elapsed time spent in this place.
 B = Non-inter-level travel time spent in this place.
 C = Inter-level travel time spent in this place.
 D = Time resting spent in this place.
 E = Time spent auto-exploring this place.
 F = Levels seen in this place.
 G = Mean time per level.
                   A        B        C        D        E       F      G
               +--------+--------+--------+--------+--------+-----+--------+
         Total |   4503 |   3967 |    536 |      0 |   3327 |   6 |  750.5 |
       Dungeon |   4503 |   3967 |    536 |      0 |   3327 |   6 |  750.5 |
               +--------+--------+--------+--------+--------+-----+--------+

Top non-repeatable levels by time:
     D:5: 1381 daAuts
     D:2: 1353 daAuts
     D:4: 867 daAuts
     D:3: 814 daAuts
     D:1: 64 daAuts
     D:6: 21 daAuts
